AoeStats
← coco13264409

Arena

507995470Analyzed
1v1 RM · 12d ago on Sep 20, 2026· 50m 35s· 2 players
Game mode
Random Map
Map size
Tiny (2 player)
Population
200
Speed
Normal
Resources
Standard
Victory
Conquest
Starting age
Dark Age
Ending age
Imperial Age
RankedLock teamsTeams togetherTeam positionsShared explorationLock speedFull tech treeHidden civsTurbo modeCheats
Victory
Defeat
🇨🇭 Hindustanis · Switzerland
1006
+16
🇬🇧 Celts · United Kingdom
999
-16
bertie.horne
10:19 Feudal Age
15:51 Castle Age
13:56 Double-Bit Axe
14:27 Gold Mining
14:25 Loom
15:10 Horse Collar
19:21 Forging
19:15 Scale Mail Armor
20:28 Man-at-Arms
21:43 Chain Mail Armor
23:00 Forging
24:40 Wheelbarrow
25:49 Wheelbarrow
30:41 Wheelbarrow
30:44 Iron Casting
30:13 Heavy Plow
30:27 Bow Saw
34:13 Imperial Age
32:57 Pikeman
35:35 Capped Ram
35:46 Capped Ram
36:00 Halberdier
38:04 Hand Cart
39:04 Blast Furnace
40:01 Padded Archer Armor
39:51 Fletching
40:32 Plate Mail Armor
41:27 Leather Archer Armor
41:09 Bodkin Arrow
41:20 Elite Skirmisher
45:42 Chemistry
45:03 Ballistics
46:07 Ring Archer Armor
coco13264409
9:36 Feudal Age
14:01 Castle Age
25:19 Loom
25:33 Fletching
27:41 Bloodlines
27:34 Bodkin Arrow
30:48 Double-Bit Axe
30:44 Horse Collar
34:45 Imperial Age
32:44 Bow Saw
33:14 Heavy Plow
34:14 Wheelbarrow
34:39 Scale Barding Armor
34:45 Forging
35:31 Ballistics
36:28 Chemistry
36:32 Two-Man Saw
36:33 Hand Cart
36:42 Grand Trunk Road
37:03 Conscription
38:11 Gold Mining
38:12 Stone Mining
40:51 Chain Barding Armor
41:07 Iron Casting
40:33 Padded Archer Armor
41:43 Gold Shaft Mining
41:44 Stone Shaft Mining
41:11 Husbandry
41:09 Heavy Camel Rider
43:54 Shatagni
44:29 Imperial Camel Rider
46:19 Iron Casting
49:12 Scale Mail Armor
49:47 Plate Barding Armor
50:14 Blast Furnace
49:32 Leather Archer Armor
49:18 Bracer
Connection lost

Rejoining the realm…

Still unreachable

The connection could not be restored.

Session expired

The server has moved on; the page needs a fresh start.